PUBA
MANITOU LAKERS @ TRUCKEE SCRAPPYS
04/23/1972
 
TOP OF THE 1ST
Manitou Lakers batting - Pitching for Truckee Scrappys : RHP Todd Phillips
Pitching: RHP Todd Phillips
Batting: RHB Don Baylor 0-0: Ball
1-0: Ball
2-0: Called Strike
2-1: Ground out 6-3 (Groundball, 6MS, EV 86.9 MPH)
Batting: RHB Jim Mason 0-0: Ball
1-0: Ball
2-0: Ball
3-0: Called Strike
3-1: Base on Balls
Batting: LHB Lawrence Delaney 0-0: Ball
1-0: Foul Ball, location: 2F
1-1: Foul Ball, location: 2F
1-2: Foul Ball, location: 2F
1-2: Foul Ball, location: 5F
1-2: Strikes out swinging
Batting: LHB Vern Stone 0-0: Called Strike
Jim Mason steals 2nd base
0-1: Called Strike
0-2: Strikes out swinging
Top of the 1st over - 0 runs, 0 hits, 0 errors, 1 left on base; Manitou 0 - Truckee 0
BOTTOM OF THE 1ST
Truckee Scrappys batting - Pitching for Manitou Lakers : LHP Roberto Marín
Pitching: LHP Roberto Marín
Batting: RHB Xavier Hiatt 0-0: Ball
1-0: SINGLE (Line Drive, 4M, EV 94.4 MPH)
Batting: LHB Vincente Rodríguez 0-0: Ball
1-0: SINGLE (Groundball, 34S, EV 68.8 MPH) (infield hit)
Xavier Hiatt to second
Batting: LHB Bryant Stanford 0-0: Foul Ball, location: 3SF
0-1: Ball
1-1: Swinging Strike
1-2: Strikes out swinging
Batting: RHB Lee Sharp 0-0: Ball
1-0: Ball
2-0: Called Strike
2-1: Called Strike
2-2: Strikes out swinging
Batting: SHB António Fernández 0-0: Called Strike
0-1: Ball
1-1: Swinging Strike
1-2: Strikes out swinging
Bottom of the 1st over - 0 runs, 2 hits, 0 errors, 2 left on base; Manitou 0 - Truckee 0
TOP OF THE 2ND
Manitou Lakers batting - Pitching for Truckee Scrappys : RHP Todd Phillips
Batting: LHB Charlie Ervin 0-0: Foul Ball, location: 23F
0-1: Swinging Strike
0-2: Strikes out swinging
Batting: RHB Nick Townsend 0-0: Ball
1-0: Ball
2-0: Fly out, F2 (Popup, 25F, EV 83.8 MPH)
Batting: SHB José Mota 0-0: Called Strike
0-1: Called Strike
0-2: Foul Ball, location: 2F
0-2: Foul Ball, location: 2F
0-2: Strikes out swinging
Top of the 2nd over - 0 runs, 0 hits, 0 errors, 0 left on base; Manitou 0 - Truckee 0
BOTTOM OF THE 2ND
Truckee Scrappys batting - Pitching for Manitou Lakers : LHP Roberto Marín
Batting: RHB Tom Wade 0-0: Called Strike
0-1: SINGLE (Line Drive, 4D, EV 97.5 MPH)
Batting: SHB Theron Jones 0-0: Sac Bunt to 2R - play at first, batter OUT! 2-3
Tom Wade to second
Batting: RHB Pete Moore 0-0: Ball
1-0: Called Strike
1-1: Ball
2-1: Fly out, F7 (Flyball, 7, EV 90.6 MPH)
Batting: SHB Karl Magee 0-0: Ball
1-0: Ball
2-0: Ground out 6-3 (Groundball, 6D, EV 79.4 MPH)
Bottom of the 2nd over - 0 runs, 1 hit, 0 errors, 1 left on base; Manitou 0 - Truckee 0
TOP OF THE 3RD
Manitou Lakers batting - Pitching for Truckee Scrappys : RHP Todd Phillips
Batting: RHB Alonso Magana 0-0: Called Strike
0-1: Foul Ball, location: 5FF
0-2: Ball
1-2: Ground out 6-3 (Groundball, 56, EV 77.5 MPH)
Batting: RHB Fernando Guillén 0-0: Called Strike
0-1: Called Strike
0-2: Foul Ball, location: 25FF
0-2: Ball
1-2: Strikes out swinging
Batting: RHB Don Baylor 0-0: Swinging Strike
0-1: Ball
1-1: Swinging Strike
1-2: Ball
2-2: Strikes out swinging
Top of the 3rd over - 0 runs, 0 hits, 0 errors, 0 left on base; Manitou 0 - Truckee 0
BOTTOM OF THE 3RD
Truckee Scrappys batting - Pitching for Manitou Lakers : LHP Roberto Marín
Batting: RHB Xavier Hiatt 0-0: Ball
1-0: Swinging Strike
1-1: Swinging Strike
1-2: Fly out, F6 (Line Drive, 4MD, EV 66.9 MPH)
Batting: LHB Vincente Rodríguez 0-0: Called Strike
0-1: Ball
1-1: Foul Ball, location: 3F
1-2: Ball
2-2: Strikes out looking
Batting: LHB Bryant Stanford 0-0: Ball
1-0: Foul Ball, location: 2F
1-1: Ball
2-1: Ball
3-1: Called Strike
3-2: Fly out, F4 (Line Drive, 4, EV 70.0 MPH)
Bottom of the 3rd over - 0 runs, 0 hits, 0 errors, 0 left on base; Manitou 0 - Truckee 0
TOP OF THE 4TH
Manitou Lakers batting - Pitching for Truckee Scrappys : RHP Todd Phillips
Batting: RHB Jim Mason 0-0: Foul Ball, location: 2F
0-1: Ball
1-1: Ball
2-1: Called Strike
2-2: Ball
3-2: DOUBLE (Flyball, 8RXD, EV 93.8 MPH)
Batting: LHB Lawrence Delaney 0-0: Called Strike
0-1: Ground out 6-3 (Groundball, 6, EV 103.8 MPH)
Batting: LHB Vern Stone 0-0: Fly out, F9 (Flyball, 9D, EV 101.3 MPH)
Batting: LHB Charlie Ervin 0-0: Foul Ball, location: 2RF
0-1: Foul Ball, location: 2LF
0-2: Fly out, F7 (Line Drive, 8LM, EV 103.1 MPH)
Top of the 4th over - 0 runs, 1 hit, 0 errors, 1 left on base; Manitou 0 - Truckee 0
BOTTOM OF THE 4TH
Truckee Scrappys batting - Pitching for Manitou Lakers : LHP Roberto Marín
Batting: RHB Lee Sharp 0-0: Foul Ball, location: 3F
0-1: Ground out 4-3 (Groundball, 34, EV 80.6 MPH)
Batting: SHB António Fernández 0-0: Called Strike
0-1: Ground out 2-3 (Groundball, 2L, EV 70.6 MPH)
Batting: RHB Tom Wade 0-0: Called Strike
0-1: Ball
1-1: Ball
2-1: SINGLE (Groundball, 6S, EV 68.1 MPH) (infield hit)
Batting: SHB Theron Jones 0-0: SINGLE (Line Drive, 3D, EV 103.1 MPH)
Tom Wade to second
Batting: RHB Pete Moore 0-0: Called Strike
0-1: SINGLE (Flyball, 4D, EV 95.6 MPH)
Tom Wade to third
Theron Jones to second
Batting: SHB Karl Magee 0-0: Called Strike
0-1: Ball
1-1: Fielders Choice at 2nd, 5-4 (Groundball, 56, EV 102.5 MPH)
Bottom of the 4th over - 0 runs, 3 hits, 0 errors, 3 left on base; Manitou 0 - Truckee 0
TOP OF THE 5TH
Manitou Lakers batting - Pitching for Truckee Scrappys : RHP Todd Phillips
Batting: RHB Nick Townsend 0-0: Called Strike
0-1: Fly out, F9 (Flyball, 89M, EV 94.4 MPH)
Batting: SHB José Mota 0-0: Called Strike
0-1: Ground out 6-3 (Groundball, 6D, EV 101.9 MPH)
Batting: RHB Alonso Magana 0-0: Ball
1-0: Swinging Strike
1-1: Ball
2-1: Swinging Strike
2-2: Strikes out swinging
Top of the 5th over - 0 runs, 0 hits, 0 errors, 0 left on base; Manitou 0 - Truckee 0
BOTTOM OF THE 5TH
Truckee Scrappys batting - Pitching for Manitou Lakers : LHP Roberto Marín
Batting: RHB Xavier Hiatt 0-0: Swinging Strike
0-1: Swinging Strike
0-2: Ball
1-2: Foul Ball, location: 2F
1-2: Single, Error in OF, E7, batter to second base (Line Drive, 6D, EV 95.0 MPH)
Batting: LHB Vincente Rodríguez 0-0: Sac Bunt to 13S - play at first, batter OUT! 1-3
Xavier Hiatt to third
Batting: LHB Bryant Stanford 0-0: Foul Ball, location: 2F
0-1: Swinging Strike
0-2: Hit by Pitch
Batting: RHB Lee Sharp 0-0: Ball
1-0: Ball
Bryant Stanford is caught stealing 2nd base 2-4
2-0: Called Strike
2-1: Ball
3-1: Base on Balls
Batting: SHB António Fernández 0-0: Called Strike
0-1: Fielders Choice at 2nd, 5-4 (Groundball, 5, EV 100.6 MPH)
Bottom of the 5th over - 0 runs, 1 hit, 1 error, 2 left on base; Manitou 0 - Truckee 0
TOP OF THE 6TH
Manitou Lakers batting - Pitching for Truckee Scrappys : RHP Todd Phillips
Batting: RHB Fernando Guillén 0-0: Ball
1-0: Ball
2-0: Fly out, F7 (Flyball, 7D, EV 95.0 MPH)
Batting: RHB Don Baylor 0-0: Ball
1-0: Fly out, F7 (Flyball, 7LS, EV 94.4 MPH)
Batting: RHB Jim Mason 0-0: Ball
1-0: Ball
2-0: Called Strike
2-1: Foul Ball, location: 9LSFF
2-2: Strikes out swinging
Top of the 6th over - 0 runs, 0 hits, 0 errors, 0 left on base; Manitou 0 - Truckee 0
BOTTOM OF THE 6TH
Truckee Scrappys batting - Pitching for Manitou Lakers : LHP Roberto Marín
Batting: RHB Tom Wade 0-0: Ground out 4-3 (Groundball, 4, EV 83.1 MPH)
Batting: SHB Theron Jones 0-0: Called Strike
0-1: Ground out U3 (Groundball, 3, EV 85.0 MPH)
Batting: RHB Pete Moore 0-0: Called Strike
0-1: Ball
1-1: Ball
2-1: Foul Ball, location: 2F
2-2: Ground out 6-3 (Groundball, 6, EV 107.5 MPH)
Bottom of the 6th over - 0 runs, 0 hits, 0 errors, 0 left on base; Manitou 0 - Truckee 0
TOP OF THE 7TH
Manitou Lakers batting - Pitching for Truckee Scrappys : RHP Todd Phillips
Batting: LHB Lawrence Delaney 0-0: Ball
1-0: Ball
2-0: Ball
3-0: Called Strike
3-1: Called Strike
3-2: Strikes out swinging
Batting: LHB Vern Stone 0-0: Ball
1-0: Ball
2-0: Ball
3-0: Called Strike
3-1: Swinging Strike
3-2: Strikes out looking
Batting: LHB Charlie Ervin 0-0: Ball
1-0: Ground out 1-3 (Groundball, P, EV 75.6 MPH)
Top of the 7th over - 0 runs, 0 hits, 0 errors, 0 left on base; Manitou 0 - Truckee 0
BOTTOM OF THE 7TH
Truckee Scrappys batting - Pitching for Manitou Lakers : LHP Roberto Marín
Batting: SHB Karl Magee 0-0: Ball
1-0: Ball
2-0: Called Strike
2-1: Called Strike
2-2: Ball
3-2: Strikes out looking
Batting: RHB Xavier Hiatt 0-0: Ground out 5-3 (Groundball, 5, EV 85.6 MPH)
Batting: LHB Vincente Rodríguez 0-0: Called Strike
0-1: Foul Ball, location: 25F
0-2: Strikes out swinging
Bottom of the 7th over - 0 runs, 0 hits, 0 errors, 0 left on base; Manitou 0 - Truckee 0
TOP OF THE 8TH
Manitou Lakers batting - Pitching for Truckee Scrappys : RHP Todd Phillips
Batting: RHB Nick Townsend 0-0: Ball
1-0: Called Strike
1-1: Foul Ball, location: 2F
1-2: Foul Ball, location: 2F
1-2: Foul Ball, location: 2F
1-2: Foul Ball, location: 9LMF
1-2: Foul Ball, location: 2RF
1-2: Ball
2-2: SINGLE (Groundball, 34D, EV 100.6 MPH)
Pitching: RHP Alejandro Gonzáles
Batting: SHB José Mota 0-0: Foul Ball, location: 9LDF
0-1: Hit by Pitch
Nick Townsend to second
Pinch Hitting: LHB Pete Hill 0-0: Called Strike
0-1: Called Strike
0-2: Strikes out looking
Batting: RHB Fernando Guillén 0-0: Fielders Choice at 2nd, 3-6 (Groundball, 34, EV 85.0 MPH)
Nick Townsend to third
Batting: RHB Don Baylor 0-0: Ball
1-0: Called Strike
1-1: Fly out, F9 (Flyball, 9, EV 94.4 MPH)
Top of the 8th over - 0 runs, 1 hit, 0 errors, 2 left on base; Manitou 0 - Truckee 0
BOTTOM OF THE 8TH
Truckee Scrappys batting - Pitching for Manitou Lakers : LHP Roberto Marín
Now at 2B: Brian Copeland
Batting: LHB Bryant Stanford 0-0: Ball
1-0: Ball
2-0: Called Strike
2-1: Ball
3-1: Base on Balls
Batting: RHB Lee Sharp 0-0: Swinging Strike
0-1: Called Strike
Bryant Stanford steals 2nd base
0-2: Ball
1-2: SINGLE (Groundball, 4MD, EV 95.6 MPH)
Bryant Stanford to third
Runner from 3rd tries for Home, SAFE, throw by CF to home
Lee Sharp to second
Batting: SHB António Fernández 0-0: Intentional Walk
Batting: RHB Tom Wade 0-0: Called Strike
0-1: SINGLE (Line Drive, 34, EV 99.4 MPH)
Lee Sharp to third
António Fernández to second
Batting: SHB Theron Jones 0-0: Ball
1-0: Ball
2-0: Ball
3-0: Base on Balls
Lee Sharp scores
António Fernández to third
Tom Wade to second
Batting: RHB Pete Moore 0-0: Ball
Wild Pitch!
António Fernández scores
Tom Wade to third
Theron Jones to second
1-0: Intentional Walk
Batting: SHB Karl Magee 0-0: Ball
1-0: Foul Ball, location: 2F
1-1: Ball
2-1: Ball
3-1: Called Strike
3-2: Base on Balls
Tom Wade scores
Theron Jones to third
Pete Moore to second
Batting: RHB Xavier Hiatt 0-0: Called Strike
0-1: GRAND SLAM HOME RUN (Line Drive, 8RXD, EV 103.1 MPH), Distance : 417 ft
Pitching: RHP Roger Berry
Batting: LHB Vincente Rodríguez 0-0: Hit by Pitch
Pinch Hitting: RHB Ronald Brown 0-0: Ball
1-0: Ground out 5-3 (Groundball, 56S, EV 68.1 MPH)
Vincente Rodríguez to second
Batting: RHB Lee Sharp 0-0: Ball
1-0: Foul Ball, location: 5DF
1-1: Fly out, F8 (Flyball, 8RD, EV 105.0 MPH)
Pinch Hitting: LHB Evan Miller 0-0: Called Strike
0-1: Ball
1-1: Ground out 3-1 (Groundball, 34, EV 105.6 MPH)
Bottom of the 8th over - 8 runs, 3 hits, 0 errors, 1 left on base; Manitou 0 - Truckee 8
TOP OF THE 9TH
Manitou Lakers batting - Pitching for Truckee Scrappys : RHP Alejandro Gonzáles
Now at 1B: Evan Miller
Now in RF: Ronald Brown
Batting: RHB Jim Mason 0-0: Ball
1-0: Ball
2-0: Called Strike
2-1: Ball
3-1: Base on Balls
Batting: LHB Lawrence Delaney 0-0: Foul Ball, location: 7LSF
0-1: Fly out, F8 (Flyball, 8LD, EV 91.9 MPH)
Batting: LHB Vern Stone 0-0: Ball
1-0: Called Strike
1-1: Fly out, F7 (Flyball, 7, EV 95.0 MPH)
Batting: LHB Charlie Ervin 0-0: Ball
1-0: Called Strike
1-1: Ball
2-1: Foul Ball, location: 2F
2-2: Strikes out looking
Top of the 9th over - 0 runs, 0 hits, 0 errors, 1 left on base; Manitou 0 - Truckee 8
Thursday, February 29th , 2024 - OOTP Baseball 24.8 Build 75